 Dungeon Crawl Stone Soup version 0.30.0-19-g36f170ea60 (webtiles) character file.

Game seed: 9071702407921216713

484 GimliDwarf the Gusty (level 7, -1/37 HPs)
             Began as a Tengu Air Elementalist on June 1, 2023.
             Was an Initiate of Qazlal.
             Succumbed to a hornet's poison
             ... while paralysed by a hornet
             ... on level 5 of the Dungeon.
             The game lasted 00:19:46 (4270 turns).

GimliDwarf the Gusty (Tengu Air Elementalist)       Turns: 4270, Time: 00:19:47

Health: -1/37      AC:  9    Str: 11    XL:     7   Next: 12%
Magic:  13/13      EV:  2    Int: 18    God:    Qazlal [......]
Gold:   212        SH:  0    Dex: 16    Spells: 6/13 levels left

rFire   . . .        e - staff of conjuration "Dij Vig" {rN+++}
rCold   . . .        (no shield)
rNeg    + + +        a - +0 robe
rPois   .            (helmet restricted)
rElec   .            d - +5 cloak of the Immovable Wars {Dex+2}
rCorr   .            i - +0 pair of gloves "Acle" {Rampage Regen+ Str+3}
SInv    .            (boots unavailable)
Will    .....        (no amulet)
Stlth   ++           (no ring)
HPRegen 1.06/turn    (no ring)
MPRegen 0.13/turn

%: rampage
@: paralysed, lethally poisoned (-1 -> -20), flying quickly and evasively,
slowed, quick
A: beak, talons 3, nimble flight
a: Renounce Religion


You were on level 5 of the Dungeon.
You worshipped Qazlal.
Qazlal was noncommittal.
You visited 2 branches of the dungeon, and saw 6 of its levels.

You collected 212 gold pieces.

Inventory:

Armour
 a - a +0 robe (worn)
 d - the +5 cloak of the Immovable Wars (worn) {Dex+2}
   (You acquired it on level 1 of the Dungeon)

   Dex:       It affects your dexterity (+2).
 i - the +0 pair of gloves "Acle" (worn) {Rampage Regen+ Str+3}
   (You acquired it on level 2 of the Dungeon)

   Str:       It affects your strength (+3).
   Regen:     It increases your rate of health regeneration.
   Rampage:   It bestows one free step when moving towards enemies.
Magical Staves
 e - the staff of conjuration "Dij Vig" (weapon) {rN+++}
   (You acquired it on level 1 of the Dungeon)

   [staff of conjuration]

   Base accuracy: +5 Base damage: 5 Base attack delay: 1.2 This weapon's minimum
   attack delay (0.6) is reached at skill level 12.
   rN:        It renders you almost immune to negative energy.
   It falls into the 'Staves' category.
   It is a one-handed weapon.
Wands
 b - a wand of acid (8)
Scrolls
 f - 2 scrolls of blinking {unknown}
 j - a scroll of silence
 k - a scroll of identify
 o - a scroll of teleportation
Potions
 c - 3 potions of heal wounds
 g - 2 potions of ambrosia
 h - 4 potions of curing
 l - a potion of resistance
 m - a potion of magic
 n - a potion of mutation


   Skills:
 - Level 0.9 Fighting
 - Level 1.0 Staves
 - Level 3.0 Dodging
 - Level 2.0 Stealth
 + Level 3.9 Spellcasting
 + Level 4.6 Conjurations
 + Level 5.9 Air Magic
 * Level 2.4 Evocations


You had 6 spell levels left.
You knew the following spells:

 Your Spells              Type           Power      Damage    Failure   Level
a - Shock                 Conj/Air       100%       1d9       1%          1
b - Static Discharge      Conj/Air       66%        2-5/arc   2%          2
c - Airstrike             Air            12%        2d(2-18)  13%         4

Your spell library contained the following spells:

 Spells                   Type           Power      Damage    Failure   Level
 Swiftness                Air            24%        N/A       4%          3
 Foxfire                  Conj/Fire      68%        2x1d7     6%          1
 Lesser Beckoning         Tloc           6%         N/A       22%         2
 Gell's Gravitas          Tloc           3%         N/A       41%         3
 Ozocubu's Armour         Ice            3%         N/A       41%         3
 Teleport Other           Tloc           3%         N/A       41%         3
 Fireball                 Conj/Fire      8%         3d6       85%         5
 Plasma Beam              Fire/Air       7%         2x1d19    100%        6
 Starburst                Conj/Fire      8%         6d4       100%        6
 Ozocubu's Refrigeration  Ice            1%         4d7       100%        7


Dungeon Overview and Level Annotations

Branches:
Dungeon (5/15)             Temple (1/1) D:4

Altars:
Ashenzari
Elyvilon
Fedhas
Gozag
Kikubaaqudgha
Nemelex Xobeh
Qazlal
Sif Muna
Trog
Vehumet
Xom
Zin
The Shining One

Shops:
D:3 [   D:5 (

Portals:
Abyss: D:3

Annotations:
D:3 2 transporters, nroviw's ghost, amateur AtFi


Innate Abilities, Weirdness & Mutations

You have a beak for a mouth.
You have claws for feet.
Your magical nature lets you fly swiftly and evasively.


Message History

You kill the hound!
Qazlal accepts your kill.
You hear the rusting of a very distant drain.
You now have 185 gold pieces (gained 11).
m - a potion of magic You now have 199 gold pieces (gained 14).
o - a scroll of teleportation You reach down and open the door.
Found a sparkling altar of Nemelex Xobeh.
Found 13 gold pieces.
There is an open door here.
You now have 212 gold pieces (gained 13).
You reach down and open the door.
There is an open door here.
You hear the brisk rusting of a very distant drain.
Found a stone staircase leading up.
Sorry, I don't know how to traverse that place.
There is an open door here.
You reach down and open the door.
There is an open door here.
You hear the brisk rusting of a very distant drain.
There is a stone staircase leading down here.
There is a stone staircase leading down here.
Found a stone staircase leading up.
A hornet comes into view.
The hornet buzzes angrily.
The hornet stings you.
You are poisoned.
You suddenly lose the ability to move!
You feel sick. The hornet stings you.
You are more poisoned.
You feel yourself slow down.
You feel very sick. The hornet stings you!
You are lethally poisoned!
You feel as though you will be slow longer.
The hornet stings you!
* * * LOW HITPOINT WARNING * * *
You shrug off the repeated paralysis!
You die...

#.# #.#####..
#...<.#........
#####....######. ..
<.....# #. ##
.###.....# #. #.#..
......# #. #...
#.....# #.
#.y####.....# #.
#.@.....#.# #.
##.####.#.########.
#.# #....>...>...
#.# ###.########.
#.# #.# #. #.# #..
#. #.# #### #. #.#
#. #.


You could see a hornet.

Vanquished Creatures
  An ogre (D:5)
  A centaur (D:4)
  A scorpion (D:4)
  A hound (D:5)
  Ijyb (D:4)
  Terence (D:2)
  10 adders
  A white imp (D:4)
  A worm (D:2)
  2 dart slugs
  2 orcs (D:4)
  11 ball pythons
  4 bats
  2 endoplasms
  2 giant cockroaches
  5 goblins
  9 hobgoblins
  5 jackals
  4 kobolds
  3 quokkas
  2 frilled lizards
  6 rats
75 creatures vanquished.

Notes
Turn   | Place    | Note
-------+----------+-------------------------------------------
     0 | D:1      | GimliDwarf the Tengu Air Elementalist began the quest for
                  | the Orb.
     0 | D:1      | Reached XP level 1. HP: 10/10 MP: 4/4
   243 | D:1      | Reached XP level 2. HP: 15/15 MP: 3/6
   293 | D:1      | Learned a level 2 spell: Static Discharge
   744 | D:2      | Reached XP level 3. HP: 19/19 MP: 3/7
   748 | D:2      | Identified 3 scrolls of acquirement
   748 | D:2      | Acquired the +0 pair of gloves "Acle" {Rampage Regen+
                  | Str+3}
   758 | D:1      | Acquired the +5 cloak of the Immovable Wars {Dex+2}
   765 | D:1      | Acquired the staff of conjuration "Dij Vig" {rN+++}
   861 | D:2      | Noticed Terence
  1123 | D:2      | Reached XP level 4. HP: 24/24 MP: 1/8
  1614 | D:2      | Killed Terence
  1615 | D:2      | Reached skill level 1 in Staves
  1615 | D:2      | Gained mutation: Your magical nature lets you fly swiftly
                  | and evasively. [Tengu growth]
  1615 | D:2      | Reached XP level 5. HP: 15/28 MP: 5/9
  2077 | D:3      | Reached skill level 1 in Evocations
  2119 | D:3      | Found a transporter.
  2489 | D:3      | Found Vudog's Armour Boutique.
  2523 | D:3      | Noticed a kobold brigand
  2552 | D:3      | Found a transporter.
  2557 | D:3      | Noticed nroviw's ghost (amateur AtFi)
  2589 | D:3      | Found a one-way gate to the infinite horrors of the Abyss.
  2595 | D:3      | Learned a level 4 spell: Airstrike
  2834 | D:4      | Reached skill level 5 in Air Magic
  2847 | D:4      | Found a staircase to the Ecumenical Temple.
  2874 | Temple   | Entered the Ecumenical Temple
  2958 | Temple   | Became a worshipper of Qazlal Stormbringer
  3030 | D:4      | Reached XP level 6. HP: 29/33 MP: 3/11
  3136 | D:4      | Noticed Ijyb
  3154 | D:4      | Killed Ijyb
  3863 | D:5      | Entered Level 5 of the Dungeon
  3864 | D:5      | Found Owomoloi's Antique Weapon Shop.
  3903 | D:5      | Found a glowing golden altar of the Shining One.
  3963 | D:5      | Reached XP level 7. HP: 37/37 MP: 7/13
  4169 | D:5      | Found a sparkling altar of Nemelex Xobeh.
  4267 | D:5      | Noticed a hornet
  4267 | D:5      | Paralysed by a hornet for 3 turns
  4270 | D:5      | Succumbed to a hornet's poison

Illustrated notes

Levels and vault maps discovered:
D:1:      lightli_arrival_boilingwater, layout_rooms,
          hangedman_decor_clover_reticule, dreamdust_princess_corridor
D:2:      wander_river, layout_rooms, serial_curves, eino_curves_04,
          eino_curves_02, uniq_terence
D:3:      layout_rooms, serial_shops,
          nicolae_shop_temple_entry_statues_fountains,
          gammafunk_ghost_abyssal_escape, minmay_misc_feat_ornament,
          roderic_roman_lattice
D:4:      layout_basic, minmay_temple_entry_glass, uniq_ijyb
D:5:      kennysheep_big_flooded_room, layout_loops_ring, kennysheep_little_box,
          lemuel_doored_altar, serial_shops, shop, portal_sewer_entry_d
Temple:   hellmonk_temple_of_storms

Skill      XL: |  1  2  3  4  5  6 |
---------------+-------------------+-----
Conjurations   | 2 3 4 |  4.6
Dodging        | 3 |  3.0
Staves         | 1 |  1.0
Evocations     | 1 2 |  2.4
Air Magic      | 5 |  5.9
Spellcasting   | 3 |  3.9
Fighting       | |  0.9
Stealth        | |  2.0

Action                     |  1- 3 |  4- 6 |  7- 9 || total
---------------------------+-------+-------+-------++-------
  Melee: Staff             |       |     1 |       ||     1
   Cast: Shock             |    64 |   117 |     1 ||   182
         Static Discharge  |       |     2 |       ||     2
         Airstrike         |       |     3 |     1 ||     4
    Use: Scroll            |     5 |     8 |       ||    13
         Potion            |       |     1 |       ||     1
 Armour: Robe              |    12 |    10 |       ||    22
  Dodge: Dodged            |    24 |    30 |       ||    54
